 Dungeon Crawl Stone Soup version 0.29.0-4-gdea44cf6ec (webtiles) character file.

Game seed: 11258617818204669716

20 qw the Sneak (level 2, 0/19 HPs)
             Began as a Gargoyle Delver on Sept 10, 2022.
             Slain by a scorpion (4 damage)
             ... on level 5 of the Dungeon.
             The game lasted 00:00:04 (95 turns).

qw the Sneak (Gargoyle Delver)                        Turns: 95, Time: 00:00:04

Health: 0/19       AC:  5    Str: 15    XL:     2   Next: 79%
Magic:  2/2        EV: 11    Int: 10    God:
Gold:   0          SH:  0    Dex: 11    Spells: 1/1 levels left

rFire   . . .      SeeInvis .   a - +0 hand axe
rCold   . . .      Faith    .   (no shield)
rNeg    + . .      Spirit   .   b - +0 leather armour
rPois   inf        Reflect  .   (no helmet)
rElec   +          Harm     .   (no cloak)
rCorr   .          Rampage  .   (no gloves)
Will    .....                   (no boots)
Stlth   +++.......              (no amulet)
HPRegen 0.06/turn               (no ring)
MPRegen 0.08/turn               (no ring)

@: no status effects
A: sickness immunity, AC +2, negative energy resistance 1, electricity
resistance, torment resistance 1, petrification resistance
a: no special abilities


You were on level 5 of the Dungeon.
You visited 1 branch of the dungeon, and saw 1 of its levels.


Innate Abilities, Weirdness & Mutations

You are immune to sickness and miasma.
Your stone body is resilient. (AC +2)
You are immune to poison.
You resist negative energy. (rN+)
You are resistant to electric shocks. (rElec)
You are resistant to unholy torment.
You are immune to petrification.


   Skills:
 - Level 3.2 Fighting
 + Level 2.9 Axes
 - Level 1.5 Dodging
 - Level 5.4 Stealth


You had one spell level left.
You didn't know any spells.
Your spell library was empty.

Inventory:

Hand Weapons
 a - a +0 hand axe (weapon)
Armour
 b - a +0 leather armour (worn)
Wands
 g - a wand of digging (3)
Scrolls
 c - a scroll of fog
 d - a scroll of magic mapping
 e - a scroll of fear
Potions
 f - a potion of haste

Dungeon Overview and Level Annotations

Branches:
Dungeon (5/15)
 Temple: D:4-7

Altars:


Message History

A gnoll comes into view. It is wielding a +0 whip.
23 ||| Stepping ~*~*~tactically~*~*~ (stealth).
The gnoll attacks as you move away! The gnoll hits you with a +0 club!
Ouch! That really hurt!
You hit the gnoll.
The gnoll is severely wounded.
The gnoll hits you with a +0 club.
You hit the gnoll.
You kill the gnoll!
Your Axes skill increases to level 2!
You have reached level 2!
26 ||| Stepping ~*~*~tactically~*~*~ (stealth).
27 ||| Stepping ~*~*~tactically~*~*~ (stealth).
You start resting.
A gnoll is nearby!
You start resting.
A gnoll is nearby!
52 ||| Stepping ~*~*~tactically~*~*~ (stealth).
The gnoll shouts!
You hit the gnoll but do no damage. The gnoll barely misses you.
You closely miss the gnoll. The gnoll hits you with a +0 whip. x2
You hit the gnoll.
The gnoll is heavily wounded.
The gnoll barely misses you.
You slash the gnoll!
The gnoll is almost dead.
The gnoll hits you with a +0 whip.
You hit the gnoll.
You kill the gnoll!
You start resting.
A scorpion comes into view.
The scorpion moves out of view.
You start resting.
A scorpion is nearby!
You start resting.
A scorpion is nearby!
You barely miss the scorpion. The scorpion closely misses you.
The scorpion stings you.
You die...

g.#.#
.....#..
=...#.## ...
... .. .g. #.
#.# #.##.#
#..#)#.#
#@#.#.#
#.s.#.#
##..#.#
..######..#.#
..........#.#
.##..####...#
##.....#..#
........>.#
#########.#


You could see a scorpion.

Vanquished Creatures
  2 gnolls (D:5)
2 creatures vanquished.

Notes
Turn   | Place    | Note
-------+----------+-------------------------------------------
     0 | D:5      | qw the Gargoyle Delver began the quest for the Orb.
     0 | D:5      | Reached XP level 1. HP: 14/14 MP: 1/1
     0 | D:5      | 0 ||| qw: Version: 0.1-a-116-g5d60599
     0 | D:5      | 0 ||| qw: Game counter: 8003
     0 | D:5      | 0 ||| qw: Always use a shield: true
     0 | D:5      | 0 ||| qw: God list: Okawaru
     0 | D:5      | 0 ||| qw: Allow faded altars: false
     0 | D:5      | 0 ||| qw: Do Orc after D:15 true
     0 | D:5      | 0 ||| qw: Do second Lair branch before Depths: true
     0 | D:5      | 0 ||| qw: Lair rune preference: random
     0 | D:5      | 0 ||| qw: Plans: Normal
     0 | D:5      | 0 ||| PLANNING D:1-11
    23 | D:5      | 23 ||| Stepping ~*~*~tactically~*~*~ (stealth).
    26 | D:5      | Reached XP level 2. HP: 6/19 MP: 2/2
    26 | D:5      | 26 ||| Stepping ~*~*~tactically~*~*~ (stealth).
    27 | D:5      | 27 ||| Stepping ~*~*~tactically~*~*~ (stealth).
    52 | D:5      | 52 ||| Stepping ~*~*~tactically~*~*~ (stealth).
    54 | D:5      | HP: 3/19 [gnoll/+0 whip (3)]
    56 | D:5      | HP: 1/19 [gnoll/+0 whip (2)]
    80 | D:5      | Noticed a scorpion
    95 | D:5      | Slain by a scorpion

Levels and vault maps discovered:
D:5:      layout_basic, doesnt_xom_only_xom, minmay_temple_entry_antechambers,
          uniq_edmund

Skill      XL: |  1 |
---------------+----+-----
Axes           | 2 |  2.9
Fighting       | |  3.2
Dodging        | |  1.5
Stealth        | |  5.4

Action                   || total
-------------------------++-------
Melee: Hand axe          ||     9
Armor: Leather armour    ||     1
Dodge: Dodged            ||     3

Table legend:
 A = Non-vault XP
 B = Vault XP
 C = Vault XP percentage of total XP
 D = Non-vault monster count
 E = Vault monster count
 F = Vault count percentage of total count
                 A         B        C        D         E       F
            +---------+---------+-------+---------+---------+-------
      Total |      29 |       0 |   0.0 |       2 |       0 |   0.0
            +---------+---------+-------+---------+---------+-------
        D:5 |      29 |       0 |   0.0 |       2 |       0 |   0.0
            +---------+---------+-------+---------+---------+-------
